 Dungeon Crawl Stone Soup version 0.24.0-123-gd5b16e6ec5 (webtiles) character file.

Game seed: 9490496471862957305, levelgen mode: deterministic

36260 Nivan the Impaler (level 13, -18/98 HPs)
             Began as a Merfolk Gladiator on Feb 11, 2020.
             Was the Champion of Hepliaklqana.
             Hit by a javelin thrown by a minotaur (38 damage)
             ... in a Gauntlet.
             The game lasted 01:55:17 (16890 turns).

Nivan the Impaler (Merfolk Gladiator)              Turns: 16890, Time: 01:55:18

Health: -18/98     AC:  6    Str: 17    XL:     13   Next: 89%
Magic:  5/5        EV: 22    Int:  7    God:    Hepliaklqana [******]
Gold:   360        SH:  0    Dex: 22    Spells: 11/12 levels left

rFire    . . .     SeeInvis +   q - +3 halberd "Juskeir" {antimagic, *Corrode Dex+4}
rCold    . . .     Gourm    .   (shield currently unavailable)
rNeg     + . .     Faith    .   w - +0 troll leather armour
rPois    .         Spirit   .   C - +1 helmet of Recklessness {*Corrode MR- Regen+ Stlth+}
rElec    .         Reflect  .   (no cloak)
rCorr    .         Harm     .   (no gloves)
MR       .....     NoTele   +   (no boots)
Stlth    +++++++...             (no amulet)
HPRegen  1.06/turn              k - ring of see invisible
MPRegen  0.09/turn              P - ring of positive energy

@: hasted, very quick
A: change form in water, swift swim, stealthy swim, reduced essence
a: Recall Ancestor, Ancestor Identity, Transference, Idealise, Renounce Religion


You were in a Gauntlet.
You worshipped Hepliaklqana.
Hepliaklqana was exalted by your worship.
You were very hungry.

You visited 3 branches of the dungeon, and saw 18 of its levels.
You visited 1 bazaar.
You also visited: Gauntlet.

You collected 907 gold pieces.
You spent 547 gold pieces at shops.

Inventory:

Hand Weapons
 q - the +3 halberd "Juskeir" (weapon) {antimagic, *Corrode Dex+4}
   (You bought it in a shop in a bazaar)

   It reduces the magical energy of the wielder, and disrupts the spells and
   magical abilities of those hit.
   Natural abilities and divine invocations are not affected.
   It affects your dexterity (+4).
   It may corrode you when you take damage.
 L - a +1 halberd of protection
Missiles
 E - 7 throwing nets (quivered)
Armour
 b - a +0 leather armour
 c - a +2 helmet
 o - a +0 robe
 w - a +0 troll leather armour (worn)
 C - the +1 helmet of Recklessness (worn) {*Corrode MR- Regen+ Stlth+}
   (You found it in a Gauntlet)

   It affects your resistance to hostile enchantments.
   It increases your rate of regeneration.
   It may corrode you when you take damage.
   It makes you more stealthy.
 J - a +1 ring mail of cold resistance
Jewellery
 k - a ring of see invisible (left hand)
 l - an uncursed ring of ice
 m - an uncursed ring of flight
 F - an uncursed ring of positive energy
 N - a +3 ring of evasion {unknown}
 P - a ring of positive energy (right hand)
 Q - a +5 ring of intelligence {unknown}
Wands
 n - a wand of clouds (6)
 v - a wand of digging (11)
 A - a wand of disintegration (23)
 B - a wand of polymorph (8)
Scrolls
 a - 3 scrolls of brand weapon
 d - a scroll of vulnerability
 e - 5 scrolls of remove curse
 g - a scroll of enchant armour
 h - 4 scrolls of teleportation
 i - 8 scrolls of identify
 j - 2 scrolls of fear
 r - 4 scrolls of enchant weapon
 x - 4 scrolls of immolation
 y - 2 scrolls of noise
 G - 2 scrolls of amnesia
 I - 2 scrolls of fog
 O - a scroll of torment
Potions
 p - a potion of magic
 s - a potion of brilliance
 t - 2 potions of cancellation
 u - 2 potions of degeneration
 z - 5 potions of curing
 H - 2 potions of flight
 K - a potion of lignification
 M - a potion of haste
Comestibles
 f - 36 rations


   Skills:
 + Level 12.9 Fighting
 + Level 17.0 Polearms
 - Level 2.4 Throwing
 + Level 4.3 Armour
 + Level 11.7 Dodging
 + Level 13.5 Stealth
 + Level 3.2 Invocations
 - Level 1.4 Evocations


You had 11 spell levels left.
You knew the following spells:

 Your Spells              Type           Power        Failure   Level  Hunger
a - Shock                 Conj/Air       #...         50%         1    ##.....

Your spell library contained the following spells:

 Spells                   Type           Power        Failure   Level  Hunger
 Corona                   Hex            #......      50%         1    ##.....
 Freeze                   Ice            #...         50%         1    ##.....
 Infusion                 Chrm           #...         50%         1    ##.....
 Summon Small Mammal      Summ           #...         50%         1    ##.....
 Call Imp                 Summ           #.......     63%         2    ###....
 Ensorcelled Hibernation  Hex/Ice        #.....       63%         2    ###....
 Shroud of Golubria       Chrm/Tloc      #.....       63%         2    ###....
 Slow                     Hex            #.......     63%         2    ###....
 Song of Slaying          Chrm           #.......     63%         2    ###....
 Swiftness                Chrm/Air       #.......     63%         2    ###....
 Throw Frost              Conj/Ice       #.....       63%         2    ###....
 Call Canine Familiar     Summ           #.......     86%         3    ####...
 Confuse                  Hex            #.......     86%         3    ####...
 Dazzling Spray           Conj/Hex       #.....       86%         3    ####...
 Inner Flame              Hex/Fire       #.......     86%         3    ####...
 Ozocubu's Armour         Chrm/Ice       #.......     86%         3    ####...
 Portal Projectile        Hex/Tloc       #.....       86%         3    ####...
 Regeneration             Chrm/Necr      #.........   86%         3    ####...
 Spectral Weapon          Hex/Chrm       #.......     86%         3    ####...
 Static Discharge         Conj/Air       #.......     86%         3    ####...
 Summon Guardian Golem    Hex/Summ       #.......     86%         3    ####...
 Tukima's Dance           Hex            #.......     86%         3    ####...
 Airstrike                Air            #.........   99%         4    #####..
 Cause Fear               Hex            #.........   99%         4    #####..
 Leda's Liquefaction      Hex/Erth       #.........   99%         4    #####..
 Summon Ice Beast         Ice/Summ       #.......     99%         4    #####..
 Summon Lightning Spire   Summ/Air       #.......     99%         4    #####..
 Throw Icicle             Conj/Ice       #.......     99%         4    #####..
 Lightning Bolt           Conj/Air       #.........   100%        5    ######.


Dungeon Overview and Level Annotations

Branches:
Dungeon (15/15)            Temple (1/1) D:4            Lair (2/6) D:8
    Orc (0/2) D:10         Vaults (0/5) D:14        Gauntlet (1/1)
  Swamp: Lair:2-4    Shoals: Lair:2-4     Snake: Lair:2-4    Spider: Lair:2-4
 Depths: D:15

Altars:
Ashenzari
Cheibriados
Dithmenos
Elyvilon
Fedhas
Gozag
Hepliaklqana
Kikubaaqudgha
Makhleb
Nemelex Xobeh
Okawaru
Qazlal
Ru
Sif Muna
Trog
Uskayaw
Vehumet
Wu Jian
Xom
Yredelemnul
Zin
The Shining One
Beogh

Shops:
D:5 (   D:6 ?   D:9 ?

Annotations:
D:7 1 runed translucent door
D:13 Snorg
D:14 exclusion: orange crystal statue, Jorgrun Gauntlet 12 transporters, 21 runed translucent doors, exclusion: orange crystal statue


Message History

You reach to attack!
You barely miss the minotaur.
The minotaur hits you from afar with the +12 glaive of Prune {chop}!!
* * * LOW HITPOINT WARNING * * *
x2 Zorana hits the minotaur but does no damage.
You feel yourself speed up.
The minotaur throws a javelin.
The javelin pierces through Zorana but does no damage.
The javelin misses you.
You see here a javelin.
Zorana hits the minotaur with a +0 flail!
Zorana hits the minotaur with a +0 flail.
The minotaur throws a javelin.
The javelin pierces through Zorana!!
Zorana is destroyed!
The javelin closely misses you.
Okay, then.
Okay, then.
Evoke which item? (* to show all) (? for menu, Esc to quit)
Okay, then.
The minotaur throws a javelin.
The javelin pierces through you!!!
You die...

### ## ###(##.#
#.....### #.##H##∩#
##.##(##.#
#......#.# .
###@##.#H# .#
###.##.#'###.##.
#......H........
#.##.##(##.##.##
#.##.##.##.##.##
#...............
##.##.##.##.##.#
###.##.##.##.##.###
#≈...............≈#


You could see a minotaur.

Vanquished Creatures
  Kirke (D:13)
  A hydra (D:6)
  2 centaur warriors (D:15)
  8 two-headed ogres
  An ogre mage (D:15)
  Sonja (D:13)
  A wizard (Gauntlet)
  3 deep elf magi
  A lindwurm (D:14)
  A manticore (D:13)
  A cyclops (D:15)
  Psyche (D:10)
  A gargoyle (D:11)
  A freezing wraith (D:15)
  An efreet (D:15)
  3 trolls
  A hornet (D:15)
  A polar bear (Lair:2)
  A snapping turtle (shapeshifter) (D:15)
  A dream sheep (D:8)
  3 hippogriffs
  A spriggan (shapeshifter) (D:14)
  3 shadows
  18 yaks
  A hog (shapeshifter) (D:13)
  A human (D:11)
  2 wraiths (D:10)
  3 hogs (D:13)
  2 basilisks
  2 hungry ghosts
  A vampire mosquito (D:13)
  A water moccasin (D:8)
  A porcupine (D:8)
  6 ice beasts
  3 sky beasts
  2 eyes of draining
  A hornet zombie (D:8)
  2 necrophages
  5 orc warriors
  12 ogres
  4 centaurs
  6 wolves
  A crocodile (D:13)
  4 big kobolds
  11 bullfrogs
  A wyvern zombie (D:11)
  A water moccasin zombie (D:11)
  A scorpion (D:10)
  A knight (D:15)
  5 killer bees (D:9)
  6 wights
  A howler monkey (D:11)
  A bullfrog zombie (D:7)
  A wyvern simulacrum (D:14)
  2 crimson imps (D:12)
  A centaur zombie (D:10)
  3 hounds
  2 jellies
  4 orc priests
  3 bullfrog skeletons
  5 orc wizards
  6 centaur skeletons
  An iguana (D:11)
  11 worker ants
  7 ogre zombies (D:10)
  17 adders
  4 gnolls
  6 shadow imps
  An ooze (D:5)
  An adder skeleton (D:6)
  A worm (D:2)
  2 dart slugs (D:1)
  7 leopard geckos
  31 orcs
  2 bats (D:1)
  2 giant cockroaches
  11 goblins
  12 hobgoblins
  14 jackals
  18 kobolds
  8 quokkas
  5 ball pythons
  9 frilled lizards
  A goblin skeleton (D:10)
  A goblin zombie (D:10)
  5 hobgoblin zombies (D:10)
  A leopard gecko skeleton (D:4)
  2 orc skeletons (D:10)
  11 orc zombies (D:10)
  11 rats
  A plant (D:11)
375 creatures vanquished.

Vanquished Creatures (collateral kills)
  A hydra (D:11)
  A two-headed ogre (D:10)
  An ugly thing (D:12)
  2 centaur zombies (D:11)
  An apocalypse crab (Gauntlet)
  A kobold demonologist (D:15)
  2 trolls
  A slime creature (Gauntlet)
  A dream sheep (D:8)
  8 yaks
  A vampire (D:14)
  2 hungry ghosts
  A porcupine (Lair:1)
  3 orc warriors
  3 ice beasts
  A sky beast (D:11)
  A black bear (D:8)
  A phantom (D:8)
  A necrophage (D:10)
  2 ogres
  A wolf (Lair:1)
  5 centaurs
  6 big kobolds
  3 bullfrogs
  A troll zombie (D:10)
  A scorpion (D:11)
  A killer bee (D:9)
  An electric eel (D:11)
  2 wights (D:13)
  A howler monkey (D:8)
  2 bullfrog zombies
  2 crimson imps
  A hound (D:9)
  5 orc priests
  2 jellies
  An iguana (D:4)
  2 orc wizards
  3 worker ants
  A killer bee zombie (D:8)
  Robin (D:3)
  3 gnolls
  A howler monkey skeleton (D:11)
  An adder (D:12)
  2 leopard geckos
  36 orcs
  A ball python (D:3)
  4 goblins (D:3)
  6 jackals
  2 goblin zombies (D:10)
  A hobgoblin skeleton (D:10)
  A hobgoblin zombie (D:10)
  A jackal zombie (D:5)
  6 kobolds
  A leopard gecko zombie (D:6)
143 creatures vanquished.

Vanquished Creatures (others)
  A centaur zombie (D:13)
  3 humans (D:13)
  2 centaurs (D:13)
  A scorpion (D:13)
  15 knights
  An ancestor (D:5)
  An orc (D:13)
  2 demonic plants (Gauntlet)
  12 fungi
  5 plants
  7 withered plants (Gauntlet)
50 creatures vanquished.

Grand Total: 568 creatures vanquished

Notes
Turn   | Place    | Note
-------+----------+-------------------------------------------
     0 | D:1      | Nivan the Merfolk Gladiator began the quest for the Orb.
     0 | D:1      | Reached XP level 1. HP: 16/16 MP: 1/1
    81 | D:1      | Reached XP level 2. HP: 22/22 MP: 2/2
   228 | D:1      | Reached skill level 1 in Stealth
   231 | D:1      | Reached skill level 5 in Polearms
   234 | D:1      | Reached XP level 3. HP: 27/27 MP: 3/3
  1115 | D:2      | Reached XP level 4. HP: 30/34 MP: 4/4
  1416 | D:2      | Noticed a centaur
  1602 | D:2      | You fall into a shaft and drop 1 floor!
  1678 | D:3      | Noticed Robin
  1687 | D:4      | Reached skill level 6 in Polearms
  1738 | D:4      | Reached XP level 5. HP: 28/39 MP: 5/5
  2498 | D:4      | Found a staircase to the Ecumenical Temple.
  2514 | D:4      | Reached skill level 7 in Polearms
  2514 | D:4      | Reached skill level 5 in Dodging
  2514 | D:4      | Reached XP level 6. HP: 16/46 MP: 6/6
  2810 | Temple   | Entered the Ecumenical Temple
  2853 | Temple   | Became a worshipper of Hepliaklqana the Forgotten
  3232 | D:4      | Found a stormy altar of Qazlal.
  3324 | D:4      | Noticed a phantom
  3416 | D:3      | Found a burning altar of Makhleb.
  3442 | D:3      | Found an opulent altar of Gozag.
  3456 | D:3      | Found a snail-covered altar of Cheibriados.
  3510 | D:3      | Killed Robin
  4193 | D:5      | Entered Level 5 of the Dungeon
  4256 | D:5      | Reached * piety under Hepliaklqana
  4263 | D:5      | Reached skill level 8 in Polearms
  4263 | D:5      | Reached XP level 7. HP: 46/46 MP: 7/7
  4487 | D:5      | Found a shadowy altar of Dithmenos.
  4522 | D:5      | Found a radiant altar of Vehumet.
  4593 | D:5      | Found Rexuaq's Weapon Emporium.
  4627 | D:5      | Reached skill level 5 in Stealth
  4723 | D:5      | Found a blossoming altar of Fedhas.
  4818 | D:5      | Found a shadowy altar of Dithmenos.
  5243 | D:6      | Reached skill level 9 in Polearms
  5406 | D:6      | Reached ** piety under Hepliaklqana
  5407 | D:6      | Remembered your ancestor Zorana as a knight
  5450 | D:6      | Found a white marble altar of Elyvilon.
  5495 | D:6      | Reached XP level 8. HP: 27/54 MP: 8/8
  6169 | D:6      | Found a shimmering blue altar of Sif Muna.
  6268 | D:6      | Found Hienir Jierph's Magic Scroll Shop.
  6272 | D:6      | Reached skill level 5 in Fighting
  6283 | D:6      | Bought a scroll of amnesia for 45 gold pieces
  6283 | D:6      | Bought a scroll of magic mapping for 45 gold pieces
  6283 | D:6      | Bought a scroll of fog for 26 gold pieces
  6283 | D:6      | Bought a scroll of fear for 45 gold pieces
  6283 | D:6      | Bought a scroll of identify for 26 gold pieces
  6435 | D:7      | Reached skill level 10 in Polearms
  6688 | D:7      | Found a hide-covered altar of Uskayaw.
  6718 | D:7      | Found a runed translucent door.
  6718 | D:7      | Noticed a sixfirhy
  6949 | D:7      | Found a glowing silver altar of Zin.
  7144 | D:8      | Reached XP level 9. HP: 62/62 MP: 9/9
  7199 | D:8      | Found an opulent altar of Gozag.
  7245 | D:8      | Reached *** piety under Hepliaklqana
  7326 | D:8      | Reached skill level 11 in Polearms
  7442 | D:8      | Reached skill level 1 in Invocations
  7485 | D:8      | Reached skill level 1 in Armour
  8031 | D:8      | Reached skill level 12 in Polearms
  8041 | D:8      | Reached skill level 1 in Evocations
  8068 | D:8      | Reached XP level 10. HP: 68/71 MP: 12/12
  8080 | D:7      | Learned a level 1 spell: Shock
  8101 | D:8      | Found a staircase to the Lair.
  8417 | D:8      | Noticed a two-headed hydra
  8853 | D:6      | Killed a two-headed hydra
  8853 | D:6      | Reached skill level 13 in Polearms
  9286 | D:9      | Found Kirgh's Magic Scroll Boutique.
  9388 | D:9      | Bought a scroll of identify for 24 gold pieces
  9388 | D:9      | Bought a scroll of torment for 90 gold pieces
  9388 | D:9      | Bought a scroll of identify for 24 gold pieces
  9388 | D:9      | Bought a scroll of identify for 24 gold pieces
  9496 | D:9      | Reached XP level 11. HP: 78/78 MP: 13/13
  9505 | D:9      | Reached skill level 14 in Polearms
  9599 | D:9      | Noticed a two-headed ogre
  9716 | D:9      | Killed a two-headed ogre
  9926 | D:9      | Found a roughly hewn altar of Beogh.
 10053 | D:9      | Found a shimmering altar of Xom.
 10053 | D:9      | Found a shimmering altar of Xom.
 10053 | D:9      | Found a shimmering altar of Xom.
 10054 | D:9      | Found a shimmering altar of Xom.
 10054 | D:9      | Found a shimmering altar of Xom.
 10054 | D:9      | Found a shimmering altar of Xom.
 10055 | D:9      | Found a shimmering altar of Xom.
 10242 | D:9      | Noticed an orb spider
 10300 | D:9      | Found a sacrificial altar of Ru.
 10433 | D:10     | Entered Level 10 of the Dungeon
 10542 | D:10     | Reached **** piety under Hepliaklqana
 10650 | D:10     | Found a staircase to the Orcish Mines.
 10718 | D:10     | Reached skill level 15 in Polearms
 10819 | D:10     | Noticed a two-headed ogre
 10827 | D:10     | Killed a two-headed ogre
 10882 | D:10     | Noticed Psyche
 10888 | D:10     | Killed Psyche
 11117 | D:11     | Noticed a two-headed ogre
 11265 | D:11     | Found a flickering gateway to a bazaar.
 11275 | D:11     | Reached skill level 16 in Polearms
 11301 | Bazaar   | Entered a bazaar
 11305 | Bazaar   | Found Puuteeni's Jewellery Boutique.
 11324 | Bazaar   | Found Zemmun's Antique Weapon Shoppe.
 11329 | Bazaar   | Bought a faintly glowing halberd for 198 gold pieces
 11341 | Bazaar   | Found Taczusuq's Book Boutique.
 11358 | Bazaar   | Found Ziutiubb's Antique Armour Emporium.
 11426 | D:11     | Killed a two-headed ogre
 11475 | D:11     | Reached XP level 12. HP: 79/87 MP: 14/14
 11519 | D:11     | Reached skill level 10 in Fighting
 11549 | D:11     | Noticed a seven-headed hydra
 11872 | D:11     | Identified the +3 halberd "Juskeir" {antimagic, *Corrode
                  | Dex+4} (You bought it in a shop in a bazaar)
 11916 | D:11     | Reached skill level 10 in Dodging
 12502 | D:11     | Reached ***** piety under Hepliaklqana
 12744 | D:11     | Killed a seven-headed hydra
 12762 | D:12     | Reached skill level 10 in Stealth
 13168 | D:12     | Noticed a two-headed ogre
 13174 | D:12     | Killed a two-headed ogre
 13646 | D:13     | Noticed a centaur warrior
 13779 | D:13     | Noticed Snorg
 13782 | D:13     | Noticed Kirke
 13821 | D:13     | Killed Kirke
 13857 | D:13     | Noticed Sonja
 13920 | D:13     | Killed Sonja
 14230 | D:13     | Reached XP level 13. HP: 97/97 MP: 5/15
 14232 | D:13     | Found an opulent altar of Gozag.
 14565 | D:13     | You fall into a shaft and drop 2 floors!
 14565 | D:15     | Entered Level 15 of the Dungeon
 14706 | D:15     | Found a glowing golden altar of the Shining One.
 15670 | D:14     | Found a gate to the Vaults.
 15745 | D:14     | Noticed Jorgrun
 15988 | Lair:1   | Entered Level 1 of the Lair of Beasts
 16062 | Lair:1   | You fall into a shaft and drop 1 floor!
 16381 | Lair:1   | Found a gate leading to a gauntlet.
 16381 | Lair:1   | Reached ****** piety under Hepliaklqana
 16398 | Gauntlet | Entered a Gauntlet
 16398 | Gauntlet | Found a transporter.
 16408 | Gauntlet | Found a transporter.
 16410 | Gauntlet | Found a transporter.
 16412 | Gauntlet | Found a transporter.
 16428 | Gauntlet | Found a transporter.
 16442 | Gauntlet | Found a transporter.
 16446 | Gauntlet | Found a large runed translucent door.
 16446 | Gauntlet | Found a large runed translucent door.
 16448 | Gauntlet | Found a large runed translucent door.
 16448 | Gauntlet | Found a large runed translucent door.
 16448 | Gauntlet | Found a large runed translucent door.
 16449 | Gauntlet | Found a runed translucent door.
 16450 | Gauntlet | Found a transporter.
 16451 | Gauntlet | Found a runed translucent door.
 16452 | Gauntlet | Found a large runed translucent door.
 16452 | Gauntlet | Found a large runed translucent door.
 16452 | Gauntlet | Found a large runed translucent door.
 16453 | Gauntlet | Found a large runed translucent door.
 16454 | Gauntlet | Found a large runed translucent door.
 16461 | Gauntlet | Found a large runed translucent door.
 16461 | Gauntlet | Found a large runed translucent door.
 16462 | Gauntlet | Found a large runed translucent door.
 16462 | Gauntlet | Found a large runed translucent door.
 16462 | Gauntlet | Found a large runed translucent door.
 16462 | Gauntlet | Found a large runed translucent door.
 16466 | Gauntlet | Found a runed translucent gate.
 16466 | Gauntlet | Found a runed translucent gate.
 16466 | Gauntlet | Found a runed translucent gate.
 16468 | Gauntlet | Found a transporter.
 16487 | Gauntlet | Found a transporter.
 16487 | Gauntlet | Noticed an entropy weaver
 16499 | Gauntlet | Found a transporter.
 16511 | Gauntlet | Found a transporter.
 16511 | Gauntlet | Noticed a green death
 16523 | Gauntlet | Found a transporter.
 16535 | Gauntlet | Found a transporter.
 16553 | Gauntlet | Found a transporter.
 16573 | Gauntlet | Found a transporter.
 16575 | Gauntlet | Found a transporter.
 16607 | Gauntlet | Found a transporter.
 16607 | Gauntlet | Found a transporter.
 16831 | Gauntlet | Reached skill level 17 in Polearms
 16840 | Gauntlet | Got a distressingly furry helmet
 16851 | Gauntlet | Identified the +1 helmet of Recklessness {*Corrode MR-
                  | Regen+ Stlth+} (You found it in a Gauntlet)
 16866 | Gauntlet | Noticed a minotaur
 16890 | Gauntlet | Hit by a javelin thrown by a minotaur

Levels and vault maps discovered:
D:1:      dpeg_arrival_leaves_temple_mockup, layout_basic, serial_glass,
          glass_columns_a, glass_columns_a, minmay_strange_pillars,
          item_on_display_a, due_unseen_surprise, item_on_display_a,
          minmay_hexomino_c4
D:2:      layout_basic, small_statue_intersection
D:3:      layout_basic, lemuel_doored_altar, overflow_temple_1_default,
          wad_floor_pattern_untrapped, chequers_serial_rivers_marsh,
          nicolae_gozag_seed_capital, uniq_robin
D:4:      layout_loops_ring, overflow_temple_1_default,
          minmay_temple_entry_hall, first_ration
D:5:      layout_loops_ring, fedhas_altar_2, kennysheep_little_box,
          old_standard_altar, serial_shops, nicolae_shop_window_shopping,
          grunt_dithmenos_smoke
D:6:      layout_loops_corners, kennysheep_mini_moat, lemuel_round_altar,
          serial_shops, shop, minivault_4, minmay_unpleasant_kobolds
D:7:      cheibrodos_shockbox, layout_cave_pods, zin_academy,
          eat_drink_and_be_merry_uskayaw
D:8:      layout_basic, grunt_lair_entry_orc_guard_hut, basic_altar,
          hangedman_ranch [blue_anna_fruit_fields]
D:9:      layout_basic, xom_shifter_show, marbit_many_paths, special_room
          [special_room_orc], serial_shops, nicolae_shop_waterfront
D:10:     layout_long_grid, zombieorc2_lemuel, uniq_psyche
D:11:     layout_roguey, serial_shops, bzr_entry_customers, serial_bayou_pond_b,
          st_stairs_10
D:12:     layout_long_grid, glass_columns_b
D:13:     layout_roguey, david_defended_altar_elf, uniq_sonja, uniq_snorg,
          uniq_kirke
D:14:     layout_roguey, david_vaults_4, grunt_decor_arrowhead, disabler_island,
          uniq_roxanne, uniq_jorgrun, uniq_azrael
D:15:     hangedman_depths_entry_try_elsewhere_first, layout_basic,
          gammafunk_ghost_mausoleum, tso_metal_star, uniq_rupert
Temple:   kb_temple_of_zot
Lair:1:   layout_gridlike, gauntlet_entry_generic, serial_bayou_shore_b,
          lemuel_fruit_tree, infiniplex_staircase_pool_2
Lair:2:   layout_regular_city, uniq_nergalle
Gauntlet: gammafunk_gauntlet_one_two_three [gammafunk_gauntlet_arena_hedges,
          gammafunk_gauntlet_arena_arrow_garden,
          gammafunk_gauntlet_arena_crates,
          minmay_gauntlet_arena_make_your_own_arena, nicolae_gauntlet_arena_x,
          gammafunk_gauntlet_arena_mazey, nicolae_gauntlet_arena_blocks,
          gammafunk_gauntlet_arena_grid, gammafunk_gauntlet_arena_split_diamond,
          gauntlet_exit_green]

Skill      XL: |  1  2  3  4  5  6  7  8  9 10 11 12 13 |
---------------+----------------------------------------+-----
Stealth        | 1 2 3 4 5 6 7 9 11 13 | 13.5
Polearms       | 5 6 7 8 9 10 12 13 16 17 | 17.0
Dodging        | 5 6 8 9 11 | 11.7
Fighting       | 3 6 7 8 9 12 | 12.9
Invocations    | 2 3 |  3.2
Armour         | 1 3 4 |  4.3
Evocations     | 1 |  1.4
Throwing       | |  2.4

Action                   |  1- 3 |  4- 6 |  7- 9 | 10-12 | 13-15 || total
-------------------------+-------+-------+-------+-------+-------++-------
Melee: Trident           |   139 |   219 |       |   194 |       ||   552
       Spear             |       |    15 |   409 |    55 |       ||   479
       Tailslap          |       |       |       |     1 |       ||     1
       Halberd           |       |       |       |   490 |   246 ||   736
Throw: Throwing net      |       |       |     3 |       |       ||     3
 Cast: Shock             |       |       |       |     1 |       ||     1
Invok: Ancestor Identity |       |     2 |       |       |       ||     2
       Recall Ancestor   |       |       |     1 |     5 |     3 ||     9
       Ancestor Life: Kn |       |       |     1 |       |       ||     1
       Transference      |       |       |       |       |     1 ||     1
Evoke: Wand              |       |     3 |    10 |    11 |     8 ||    32
       Phantom mirror    |       |       |       |     1 |       ||     1
       Sack of spiders   |       |       |       |       |     1 ||     1
  Use: Scroll            |       |       |     4 |    14 |     7 ||    25
       Potion            |       |       |     1 |     1 |     4 ||     6
 Stab: Sleeping          |     1 |     9 |     7 |    27 |    18 ||    62
       Distracted        |       |     1 |     4 |     8 |     6 ||    19
       Paralysed         |       |       |       |     4 |       ||     4
  Eat: Chunk             |     1 |    10 |    12 |    18 |     7 ||    48
       Ration            |       |       |       |     1 |       ||     1
Armor: Leather armour    |    13 |       |       |    25 |       ||    38
       Ring mail         |     6 |     4 |    18 |       |       ||    28
       Robe              |       |    13 |    19 |       |       ||    32
       Troll leather arm |       |       |       |    13 |     9 ||    22
Dodge: Dodged            |    66 |   130 |   189 |   261 |   129 ||   775
